 Dungeon Crawl Stone Soup version 0.27-a0-1196-g3e9cee4cb2 (webtiles) character file.

Game seed: 17204500008505680194

6470 spiderkeys the Blocker (level 11, -1/117 HPs)
             Began as an Octopode Fighter on May 28, 2021.
             Was an Initiate of Gozag.
             Slain by a five-headed hydra (3 damage)
             ... on level 8 of the Dungeon.
             The game lasted 00:11:49 (10240 turns).

spiderkeys the Blocker (Octopode Fighter)          Turns: 10240, Time: 00:11:50

Health: -1/117     AC: 25    Str: 18    XL:     11   Next: 0%
Magic:  0/11       EV:  2    Int: 10    God:    Gozag
Gold:   103        SH: 11    Dex: 13    Spells: 10/10 levels left

rFire    + . .     SeeInvis .   a - +0 trident
rCold    + . .     Faith    .   l - +0 kite shield
rNeg     + + +     Spirit   +   (helmet currently unavailable)
rPois    +         Reflect  .   G - amulet of guardian spirit
rElec    +         Harm     .   Y - +4 ring of slaying
rCorr    +         Rampage  .   N - ring of positive energy
Will     .....     NoTele   +   (no ring)
Stlth    +.........             (no ring)
HPRegen  0.29/turn              (no ring)
MPRegen  0.12/turn              (no ring)
                                (no ring)
                                (no ring)

@: mighty, tree-form, resistant, studying Evocations
A: stationary, stasis, torment immunity, boosted hp, almost no armour,
(amphibious), 8 rings, (camouflage 1), (gelatinous body 1), (nimble swimmer 1),
(tentacles)
a: End Transformation, Renounce Religion, Potion Petition, Call Merchant, Bribe
Branch


You were on level 8 of the Dungeon.
You worshipped Gozag.
Gozag was aware of your devotion.
You were a tree.
You visited 2 branches of the dungeon, and saw 9 of its levels.

You collected 661 gold pieces.
You spent 77 gold pieces at shops.
You paid 481 gold pieces to Gozag.


Innate Abilities, Weirdness & Mutations

You are a tree.
Your roots penetrate the ground, keeping you stationary.
You cannot be teleported.
You are immune to unholy pain and torment.
Your maximum health is greatly increased.
Your equipment is partially melded.
You cannot wear most types of armour.
((You are amphibious.))
You can wear up to eight rings at the same time.
((Your skin changes colour to match your surroundings (Stealth+).))
((Your rubbery body absorbs attacks. (AC +1, EV +1)))
((You are camouflaged near water. (Stealth+)))
((You have tentacles for arms and can constrict up to eight enemies at once.))


   Skills:
 + Level 8.6 Fighting
 + Level 8.3 Polearms
 + Level 8.6 Dodging
 + Level 8.6 Shields
 - Level 5.0 Evocations


You had 10 spell levels left.
You didn't know any spells.
Your spell library contained the following spells:

 Spells                   Type           Power      Damage    Failure   Level
 Foxfire                  Conj/Fire      0%         2x1d4     65%         1
 Magic Dart               Conj           0%         1d3       65%         1
 Blink                    Tloc           N/A        N/A       78%         2
 Call Imp                 Summ           0%         N/A       78%         2
 Slow                     Hex            0%         N/A       78%         2
 Conjure Flame            Conj/Fire      0%         6-21      95%         3
 Inner Flame              Hex/Fire       0%         N/A       95%         3
 Mephitic Cloud           Conj/Pois/Air  0%         N/A       95%         3
 Sticky Flame             Conj/Fire      0%         2d3       100%        4
 Fireball                 Conj/Fire      0%         3d3       100%        5

Inventory:

Hand Weapons
 a - a +0 trident (weapon)
 b - a +0 hunting sling
   (You found it on level 2 of the Dungeon)
Missiles
 d - 234 stones (quivered)
 e - 70 bolts
 o - 161 arrows
 r - 39 poisoned darts
 B - a curare-tipped dart {=f}
 D - 4 boomerangs
 F - 2 datura-tipped darts
Armour
 l - a +0 kite shield (worn)
Jewellery
 G - an amulet of guardian spirit (around neck)
   (You found it on level 7 of the Dungeon)
 N - a ring of positive energy (right branch)
   (You found it on level 4 of the Dungeon)
 Y - a +4 ring of slaying (left branch)
   (You found it on level 2 of the Dungeon)
Wands
 c - a wand of mindburst (12)
   (You took it off Maggie on level 7 of the Dungeon)
 A - a wand of charming (15)
   (You found it on level 7 of the Dungeon)
 E - a wand of iceblast (8)
   (You found it on level 8 of the Dungeon)
 H - a wand of flame (15)
   (You found it on level 8 of the Dungeon)
Scrolls
 g - 2 scrolls of teleportation {@r4}
 i - a scroll of amnesia
 m - 2 scrolls of magic mapping {!r}
 p - a scroll of holy word
 q - 4 scrolls of enchant armour
 v - 4 scrolls of fog
 x - 5 scrolls of identify {@r1}
 y - a scroll of immolation {!r!r}
Potions
 h - 4 potions of mutation {unknown}
 j - 3 potions of degeneration {unknown}
 k - a potion of magic {unknown}
 s - 4 potions of haste {unknown}
 u - a potion of brilliance {unknown}
 w - 2 potions of flight {unknown}
 z - a potion of resistance {unknown}
 C - a potion of ambrosia {unknown}

Dungeon Overview and Level Annotations

Branches:
Dungeon (8/15)             Temple (1/1) D:7
   Lair: D:8-11

Altars:
Gozag
Kikubaaqudgha
Qazlal
Sif Muna
Vehumet
Wu Jian
Zin

Shops:
D:3 !   D:5 ? D:6

[ #####...#......##
#.#.###..'....
.[......#.......####[####...#....
........#####.......⌠.....####'##
.........# +...####.####........
.........# #..###.#.#.###.))....
...##....# #.###$##.##.###......
...##...## #....###.###.........
...#....# #...D##...##...####+#
...#<...# #...♣#.....#........
...#....+ ####...#.#..........
...#....# #####.##..........
...#....# #.............
######### ##############


You could see a five-headed hydra.


Message History

You lost 5 mp, and now have 6/11 mp. 😮 HP[+1]
You hit the five-headed hydra.
You block the five-headed hydra's attack.
The five-headed hydra barely misses you.
The five-headed hydra bites you!
* * * LOW HITPOINT WARNING * * *
The five-headed hydra bites you.
* * * LOW HITPOINT WARNING * * *
The five-headed hydra misses you. 😨 HP[-15] MP[-3]
You take 15 damage, and now have 25/78 hp.
You lost 3 mp, and now have 3/11 mp.
You hit the five-headed hydra.
The five-headed hydra barely misses you.
The five-headed hydra bites you!
* * * LOW HITPOINT WARNING * * *
The five-headed hydra bites you!
* * * LOW HITPOINT WARNING * * *
The five-headed hydra misses you.
The five-headed hydra barely misses you. 😱 HP[-18] MP[-3]
You take 18 damage, and now have 7/78 hp.
MASSIVE DAMAGE!! (PAUSE)
You lost 3 mp, and now have 0/11 mp.
Okay, then.
As you read the scroll of fear, it crumbles to dust.
You assume a fearsome visage.
The five-headed hydra resists with almost no effort.
The five-headed hydra completely misses you.
You block the five-headed hydra's attack. x2
The five-headed hydra bites you.
* * * LOW HITPOINT WARNING * * *
You block the five-headed hydra's attack. 😱 HP[-5]
You take 5 damage, and now have 2/78 hp.
Okay, then.
Okay, then. [a] - 486 gold - resistance and invisibility [b] - 696 gold - haste, heal wounds, resistance and might [c] - 357 gold - lignification, might and resistance Purchase which effect?
You don't have enough gold for that! [a] - 486 gold - resistance and invisibility [b] - 696 gold - haste, heal wounds, resistance and might [c] - 357 gold - lignification, might and resistance Purchase which effect?
You no longer have enough gold to petition Gozag for potion effects.
You turn into a tree.
Your roots penetrate the ground.
You feel very mighty all of a sudden.
You feel protected.
The five-headed hydra bites you but does no damage. x2
You block the five-headed hydra's attack.
The five-headed hydra bites you but does no damage.
You block the five-headed hydra's attack. 😱 HP[+2]
You now have 117 max hp (+39).
You regained 2 hp, and now have 4/117 hp.
You feel better.
You block the five-headed hydra's attack. x2
The five-headed hydra bites you but does no damage.
The five-headed hydra completely misses you.
The five-headed hydra bites you.
* * * LOW HITPOINT WARNING * * *
😱 HP[+5]
You regained 5 hp, and now have 9/117 hp.
You feel better.
You block the five-headed hydra's attack.
The five-headed hydra bites you.
* * * LOW HITPOINT WARNING * * *
The five-headed hydra bites you but does no damage. x3 😱 HP[+11]
You regained 11 hp, and now have 20/117 hp.
Your shield prevents you from hitting the five-headed hydra.
The five-headed hydra barely misses you.
The five-headed hydra bites you but does no damage.
The five-headed hydra bites you!
* * * LOW HITPOINT WARNING * * *
You block the five-headed hydra's attack.
The five-headed hydra bites you but does no damage. 😱 HP[-11] MP[+1]
You take 11 damage, and now have 9/117 hp.
You puncture the five-headed hydra!
The five-headed hydra bites you but does no damage. x3
You block the five-headed hydra's attack.
The five-headed hydra bites you but does no damage.
You completely miss the five-headed hydra.
The five-headed hydra bites you but does no damage.
The five-headed hydra bites you!
* * * LOW HITPOINT WARNING * * *
You block the five-headed hydra's attack. x2
The five-headed hydra bites you but does no damage. 😱 HP[-7] MP[-1]
You take 7 damage, and now have 2/117 hp.
You lost 1 mp, and now have 0/11 mp.
You hit the five-headed hydra.
The five-headed hydra bites you but does no damage.
You block the five-headed hydra's attack.
The five-headed hydra bites you.
You die...
Your body crumbles into a pile of gold.

Skill      XL: |  1  2  3  4  5  6  7  8  9 10 |
---------------+-------------------------------+-----
Polearms       | 3 4 5 7 8 |  8.3
Dodging        | 4 5 6 7 8 |  8.6
Shields        | 4 5 6 7 8 |  8.6
Fighting       | 4 5 6 7 8 |  8.6
Evocations     | 5 |  5.0

Action                   |  1- 3 |  4- 6 |  7- 9 | 10-12 || total
-------------------------+-------+-------+-------+-------++-------
Melee: Trident           |    82 |    72 |   200 |    85 ||   439
       Constrict         |    12 |    15 |    36 |     8 ||    71
       Tentacles         |     9 |    10 |    47 |    21 ||    87
Throw: Stone             |       |     2 |       |       ||     2
Invok: Potion Petition   |       |       |       |     1 ||     1
  Use: Scroll            |     3 |     3 |     2 |     1 ||     9
       Potion            |       |       |       |     5 ||     5
 Stab: Sleeping          |    13 |     2 |     8 |     2 ||    25
       Distracted        |     1 |       |       |       ||     1
Armor: Skin              |     1 |     3 |     7 |    20 ||    31
Dodge: Dodged            |    13 |    29 |    99 |    36 ||   177
Block: Kite shield       |    19 |    29 |    81 |    55 ||   184

Levels and vault maps discovered:
D:1:      scummos_arrival_gate, layout_basic, grunt_decor_one_mirror,
          minmay_misc_feat_nine_boxes
D:2:      layout_loops_ring, hellmonk_ecumenical_altar_heavens_door
D:3:      layout_basic, serial_shops, shop, grunt_decor_cap,
          kennysheep_minor_cross, chequers_serial_rivers_room_b
D:4:      layout_layer_cave, uniq_menkaure
D:5:      layout_cave_pods, kennysheep_little_box, serial_shops, shop
D:6:      layout_basic, serial_shops,
          nicolae_shop_temple_entry_statues_fountains, uniq_crazy_yiuf_cottage
D:7:      layout_basic, marbit_many_paths, pf_just_have_faith, temple_green,
          minmay_manual_mail, uniq_maggie, uniq_prince_ribbit1
D:8:      layout_gridville, amcnicky_mini_rare_corridor_liquid, kb_rosetta
Temple:   eino_temple_scatter_basement

Notes
Turn   | Place    | Note
-------+----------+-------------------------------------------
     0 | D:1      | spiderkeys the Octopode Fighter began the quest for the
                  | Orb.
     0 | D:1      | Reached XP level 1. HP: 16/16 MP: 1/1
     0 | D:1      | magus.rc [v1.9.10]
   170 | D:1      | Reached XP level 2. HP: 20/21 MP: 2/2
   624 | D:1      | Reached XP level 3. HP: 16/26 MP: 3/3
  1856 | D:2      | Found a faded altar of an unknown god.
  2059 | D:3      | Reached XP level 4. HP: 25/31 MP: 4/4
  2140 | D:3      | Found Jethruhefeo's Distillery.
  2207 | D:3      | Bought a potion of heal wounds for 55 gold pieces
  2610 | D:3      | Noticed an ogre
  2618 | D:3      | Killed an ogre
  2619 | D:3      | Reached skill level 3 in Polearms
  2619 | D:3      | Reached skill level 4 in Dodging
  2619 | D:3      | Reached skill level 4 in Shields
  2619 | D:3      | Reached XP level 5. HP: 37/37 MP: 5/5
  2732 | D:3      | Reached skill level 4 in Fighting
  2929 | D:3      | Noticed an ogre
  2934 | D:3      | Killed an ogre
  2935 | D:3      | Reached XP level 6. HP: 43/43 MP: 6/6
  3140 | D:4      | You pick up a book of Minor Magic and begin reading...
  3140 | D:4      | You add the spells Magic Dart, Blink, Call Imp, Slow,
                  | Conjure Flame and Mephitic Cloud to your library.
  3223 | D:4      | Reached XP level 7. HP: 35/49 MP: 7/7
  3232 | D:4      | Reached skill level 4 in Polearms
  3594 | D:4      | Noticed Menkaure
  3786 | D:4      | Killed Menkaure
  3884 | D:5      | Entered Level 5 of the Dungeon
  3963 | D:5      | Reached skill level 5 in Shields
  4058 | D:5      | Reached skill level 5 in Fighting
  4058 | D:5      | Reached skill level 5 in Dodging
  4233 | D:5      | Found an ancient bone altar of Kikubaaqudgha.
  4344 | D:5      | You pick up a book of Flames and begin reading...
  4344 | D:5      | You add the spells Foxfire, Inner Flame, Sticky Flame and
                  | Fireball to your library.
  4397 | D:5      | Found Weodak's Magic Scroll Shoppe.
  4408 | D:5      | Bought a scroll of fog for 22 gold pieces
  4547 | D:5      | Reached XP level 8. HP: 22/55 MP: 8/8
  4977 | D:5      | Reached skill level 5 in Polearms
  5412 | D:6      | Found Naiqoin's Antique Armour Shop.
  5669 | D:6      | Reached skill level 6 in Fighting
  5669 | D:6      | Reached skill level 6 in Dodging
  5669 | D:6      | Reached skill level 6 in Shields
  5953 | D:6      | Reached XP level 9. HP: 62/62 MP: 9/9
  5969 | D:6      | Reached skill level 6 in Polearms
  6416 | D:6      | Found a runed translucent door.
  6417 | D:6      | Noticed Crazy Yiuf
  6786 | D:6      | Killed Crazy Yiuf
  6907 | D:7      | Found a stormy altar of Qazlal.
  6923 | D:7      | Noticed Prince Ribbit
  6939 | D:7      | Killed Prince Ribbit
  7138 | D:7      | Noticed a deep elf pyromancer
  7155 | D:7      | HP: 15/63 [fire elemental[a deep elf pyromancer] (14)]
  7528 | D:6      | Killed a deep elf pyromancer
  7529 | D:6      | Reached skill level 7 in Fighting
  7529 | D:6      | Reached skill level 7 in Dodging
  7529 | D:6      | Reached skill level 7 in Shields
  7829 | D:7      | Found a staircase to the Ecumenical Temple.
  7948 | Temple   | Entered the Ecumenical Temple
  7957 | Temple   | Became a worshipper of Gozag Ym Sagoz the Greedy
  8058 | D:7      | Reached skill level 7 in Polearms
  8132 | D:7      | You fall into a shaft and drop 1 floor!
  8314 | D:8      | Reached XP level 10. HP: 71/71 MP: 8/10
  8374 | D:8      | Noticed a purple ugly thing
  8384 | D:8      | Killed a purple ugly thing
  8385 | D:8      | Reached skill level 2 in Evocations
  8651 | D:7      | Noticed a cyclops
  8661 | D:7      | Noticed Maggie
  8809 | D:6      | HP: 13/72 [wraith (12)]
  9138 | D:7      | HP: 9/72 [Maggie/bolt of fire (21)]
  9144 | D:7      | Killed Maggie
  9145 | D:7      | Reached skill level 3 in Evocations
  9655 | D:7      | Killed a cyclops
  9656 | D:7      | Reached skill level 8 in Fighting
  9656 | D:7      | Reached skill level 8 in Dodging
  9656 | D:7      | Reached skill level 8 in Shields
  9719 | D:7      | Found a radiant altar of Vehumet.
  9785 | D:8      | Noticed a centaur warrior
  9791 | D:8      | Reached skill level 4 in Evocations
  9798 | D:8      | Killed a centaur warrior
  9953 | D:8      | Noticed a centaur warrior
  9955 | D:8      | Reached skill level 5 in Evocations
  9962 | D:8      | Killed a centaur warrior
  9963 | D:8      | Reached skill level 8 in Polearms
 10152 | D:8      | Noticed a cyclops
 10159 | D:8      | Killed a cyclops
 10160 | D:8      | Reached XP level 11. HP: 71/78 MP: 9/11
 10226 | D:8      | Noticed a five-headed hydra
 10231 | D:8      | HP: 14/78 [five-headed hydra (11)]
 10232 | D:8      | HP: 2/78 [five-headed hydra (5)]
 10237 | D:8      | HP: 9/117 [five-headed hydra (11)]
 10239 | D:8      | HP: 2/117 [five-headed hydra (8)]
 10240 | D:8      | Slain by a five-headed hydra

Vanquished Creatures
  2 centaur warriors (D:8)
  A deep elf pyromancer (D:6)
  2 cyclopes
  An ugly thing (D:8)
  Maggie (D:7)
  Prince Ribbit (D:7)
  A wyvern (D:6)
  2 wraiths
  Menkaure (D:4)
  2 water moccasins
  A hornet zombie (D:8)
  2 black bears
  3 ogres
  5 centaurs
  3 phantoms
  2 kobold brigands
  2 bullfrogs
  A scorpion (D:4)
  A water moccasin zombie (D:5)
  A water moccasin skeleton (D:6)
  A wyvern skeleton (D:6)
  A howler monkey (D:6)
  2 jellies (D:5)
  4 centaur zombies
  3 hounds
  An orc priest (D:7)
  2 iguanas (D:5)
  Crazy Yiuf (D:6)
  A scorpion zombie (D:5)
  An orc wizard (D:7)
  A killer bee zombie (D:8)
  2 hound skeletons
  8 adders
  A howler monkey skeleton (D:7)
  A shadow imp (D:8)
  A white imp (D:6)
  An ufetubus (D:6)
  A worm (D:4)
  5 dart slugs
  27 orcs
  6 endoplasms
  3 giant cockroaches
  3 goblins
  8 hobgoblins
  13 jackals
  2 quokkas (D:1)
  14 ball pythons
  9 bats
  2 frilled lizards (D:3)
  A jackal skeleton (D:4)
  17 kobolds
  2 rats
180 creatures vanquished.

Table legend:
 A = Non-vault XP
 B = Vault XP
 C = Vault XP percentage of total XP
 D = Non-vault monster count
 E = Vault monster count
 F = Vault count percentage of total count
                 A         B        C        D         E       F
            +---------+---------+-------+---------+---------+-------
      Total |    4852 |    4391 |  47.5 |     168 |      12 |   6.7
            +---------+---------+-------+---------+---------+-------
        D:1 |      52 |       0 |   0.0 |      28 |       0 |   0.0
        D:2 |      26 |       0 |   0.0 |      17 |       0 |   0.0
        D:3 |     349 |       0 |   0.0 |      21 |       0 |   0.0
        D:4 |     220 |     165 |  42.9 |      29 |       1 |   3.3
        D:5 |     916 |       0 |   0.0 |      14 |       0 |   0.0
        D:6 |    1765 |     220 |  11.1 |      19 |       2 |   9.5
        D:7 |     408 |    1637 |  80.0 |      20 |       6 |  23.1
        D:8 |    1116 |    2369 |  68.0 |      20 |       3 |  13.0
            +---------+---------+-------+---------+---------+-------

Illustrated notes

Table legend:
 A = Kills in this place as a percentage of kills in entire the game.
 B = Kills by you in this place as a percentage of kills by you in the entire game.
 C = Kills by friends in this place as a percentage of kills by friends in the entire game.
 D = Other kills in this place as a percentage of other kills in the entire game.
 E = Experience gained in this place as a percentage of experience gained in the entire game.
 F = Experience gained in this place divided by the number of levels of this place that you have seen.
                   A       B       C       D       E      F
               +-------+-------+-------+-------+-------+----------------------
         Total | 100.0 | 100.0 |   N/A |   N/A | 100.0 | 1027.0
       Dungeon | 100.0 | 100.0 |   N/A |   N/A | 100.0 | 1155.4
               +-------+-------+-------+-------+-------+----------------------

Table legend: (Time is in decaauts)
 A = Elapsed time spent in this place.
 B = Non-inter-level travel time spent in this place.
 C = Inter-level travel time spent in this place.
 D = Time resting spent in this place.
 E = Time spent auto-exploring this place.
 F = Levels seen in this place.
 G = Mean time per level.
                   A        B        C        D        E       F      G
               +--------+--------+--------+--------+--------+-----+--------+
         Total |  10373 |   9993 |    380 |   1676 |   7040 |   9 | 1152.6 |
       Dungeon |  10354 |   9983 |    371 |   1676 |   7038 |   8 | 1294.2 |
        Temple |     19 |     10 |      9 |      0 |      2 |   1 |   19.0 |
               +--------+--------+--------+--------+--------+-----+--------+

Top non-repeatable levels by time:
     D:6: 2882 daAuts
     D:5: 1469 daAuts
     D:1: 1256 daAuts
     D:7: 1154 daAuts
     D:3: 1037 daAuts
     D:8: 899 daAuts
     D:4: 831 daAuts
     D:2: 822 daAuts
  Temple: 19 daAuts
